 Dungeon Crawl Stone Soup version 0.29-a0-664-gff9cad4a3d (webtiles) character file.

Game seed: 72096690204153359

36 happo123 the Vexing (level 3, 0/18 HPs)
             Began as a Spriggan Arcane Marksman on June 22, 2022.
             Slain by Natasha (8 damage)
             ... on level 2 of the Dungeon.
             The game lasted 00:07:38 (1029 turns).

happo123 the Vexing (Spriggan Arcane Marksman)      Turns: 1029, Time: 00:07:38

Health: 0/18       AC:  2    Str:  6    XL:     3   Next: 19%
Magic:  5/6        EV: 18    Int: 14    God:
Gold:   49         SH:  0    Dex: 17    Spells: 1/5 levels left

rFire   . . .      SeeInvis +   a - +0 shortbow
rCold   . . .      Faith    .   (shield currently unavailable)
rNeg    . . .      Spirit   .   b - +0 robe
rPois   .          Reflect  .   (helmet restricted)
rElec   .          Harm     .   (no cloak)
rCorr   .          Rampage  .   (gloves unavailable)
Will    .....                   (boots unavailable)
Stlth   ++........              (no amulet)
HPRegen 0.06/turn               (no ring)
MPRegen 0.10/turn               (no ring)

@: very quick
A: very small, no large weapons, unfitting armour, see invisible, speed 3
a: no special abilities


You were on level 2 of the Dungeon.
You visited 1 branch of the dungeon, and saw 2 of its levels.

You collected 49 gold pieces.

Inventory:

Hand Weapons
 a - a +0 shortbow (weapon)
 e - a +2 dagger of freezing
Armour
 b - a +0 robe (worn)
Scrolls
 c - a scroll of vulnerability
 d - a scroll of noise {unknown}
 g - 3 scrolls of identify {unknown}
 h - a scroll of fear {unknown}
 j - a scroll of summoning {unknown}
Potions
 f - a potion of heal wounds {unknown}
 i - a potion of mutation {unknown}


   Skills:
 + Level 1.1 Fighting
 * Level 2.9 Bows
 + Level 3.0 Dodging
 + Level 1.3 Stealth
 + Level 1.8 Spellcasting
 * Level 4.2 Hexes


You had one spell level left.
You knew the following spells:

 Your Spells              Type           Power      Damage    Failure   Level
a - Slow                  Hex            52%        N/A       4%          1
b - Inner Flame           Hex/Fire       7%         N/A       30%         3

Your spell library contained the following spells:

 Spells                   Type           Power      Damage    Failure   Level
 Necrotize                Necr           4%         1d4       24%         1
 Portal Projectile        Hex/Tloc       14%        N/A       30%         3
 Cause Fear               Hex            6%         N/A       38%         4


Dungeon Overview and Level Annotations

Branches:
Dungeon (2/15)

Altars:

Annotations:
D:2 Natasha


Innate Abilities, Weirdness & Mutations

You are very small and have problems with some larger weapons.
You are too small for most types of armour.
You have supernaturally acute eyesight. (SInv)
You cover ground extremely quickly. (Speed+++)


Message History

You kill the adder!
You feel sick.
You are no longer poisoned.
You have reached level 3!
Your experience leads to an increase in your attributes!
Increase (S)trength, (I)ntelligence, or (D)exterity?
You feel agile. x2
This spell is potentially lethal to cast!
Memorise Inner Flame, consuming 3 spell levels and leaving 1?
You start memorising the spell.
You continue memorising. x3
You finish memorising.
Spell assigned to 'b'.
You see here an adder corpse.
There is a stone staircase leading down, spattered with blood here.
You start resting.
Magic restored.
You start resting.
HP restored.
You climb downwards.
Level annotation: Natasha The kobold barely misses you.
Natasha casts a spell at you. The magic dart hits you!
There is a stone staircase leading up here.
Aiming: Slow (safe; 4% risk of failure)
Press: ? - help, Q - select action, (/) - cycle Shift-Dir - straight line, f - Natasha
Aim: Natasha (chance to affect: 51%) Natasha seems to slow down.
The kobold barely misses you.
Shoot: a) +0 shortbow
Press: ? - help, Shift-Dir - straight line, f/p - Natasha
Aim: Natasha (slow, 53% to hit)
You shoot an arrow. The arrow hits Natasha.
Natasha is moderately wounded.
The kobold hits you with a +0 whip.
Shoot: a) +0 shortbow
Press: ? - help, Shift-Dir - straight line, f/p - Natasha
Aim: Natasha (moderately wounded, slow, 53% to hit)
You shoot an arrow. The arrow completely misses Natasha.
The kobold completely misses you. Natasha claws you!
You die...

## ... ## #..
.#... # .#.# #
#.#. ...#.(#
##....##.......
.......@K..#
###...##h#.#
##. ... # .#.#
...# .# # <# ..


You could see Natasha (slow) and a kobold.

Vanquished Creatures
  An adder (D:1)
  A dart slug (D:1)
  3 ball pythons (D:1)
  6 bats (D:1)
  A giant cockroach (D:1)
  4 goblins (D:1)
  2 jackals (D:1)
  A quokka (D:1)
  A frilled lizard (D:1)
  2 kobolds (D:1)
  4 rats (D:1)
26 creatures vanquished.

Notes
Turn   | Place    | Note
-------+----------+-------------------------------------------
     0 | D:1      | happo123 the Spriggan Arcane Marksman began the quest for
                  | the Orb.
     0 | D:1      | Reached XP level 1. HP: 9/9 MP: 3/3
    91 | D:1      | Found a faded altar of an unknown god.
   100 | D:1      | Got Plato's Disquisition on Evil
   180 | D:1      | Reached XP level 2. HP: 14/14 MP: 3/5
   282 | D:1      | Reached skill level 1 in Fighting
   290 | D:1      | Reached skill level 1 in Stealth
   291 | D:1      | Reached skill level 4 in Hexes
   792 | D:2      | Noticed Natasha
   795 | D:2      | Noticed a crimson imp
   796 | D:2      | Noticed a crimson imp
   805 | D:1      | Reached XP level 3. HP: 4/18 MP: 3/6
   809 | D:1      | Learned a level 3 spell: Inner Flame
  1029 | D:2      | Slain by Natasha

Illustrated notes

Levels and vault maps discovered:
D:1:      minmay_arrival_doors, layout_loops_ring,
          shapermc_ecumenical_altar_rom_forum
D:2:      layout_loops_ring, minmay_misc_feat_four_crosses, uniq_natasha

Skill      XL: |  1  2 |
---------------+-------+-----
Fighting       | 1 |  1.1
Stealth        | 1 |  1.3
Hexes          | 4 |  4.2
Dodging        | 3 |  3.0
Bows           | |  2.9
Spellcasting   | |  1.8

Action                   || total
-------------------------++-------
 Fire: Shortbow          ||    61
 Cast: Slow              ||     9
Armor: Robe              ||     4
Dodge: Dodged            ||    29

Table legend: (Time is in decaauts)
 A = Elapsed time spent in this place.
 B = Non-inter-level travel time spent in this place.
 C = Inter-level travel time spent in this place.
 D = Time resting spent in this place.
 E = Time spent auto-exploring this place.
 F = Levels seen in this place.
 G = Mean time per level.
                   A        B        C        D        E       F      G
               +--------+--------+--------+--------+--------+-----+--------+
         Total |    770 |    548 |    222 |    213 |    195 |   2 |  385.0 |
       Dungeon |    770 |    548 |    222 |    213 |    195 |   2 |  385.0 |
               +--------+--------+--------+--------+--------+-----+--------+

Top non-repeatable levels by time:
     D:1: 759 daAuts
     D:2: 11 daAuts
